 Dungeon Crawl Stone Soup version 0.27-a0-695-gb4952372f7 (webtiles) character file.

Game seed: 13784202370270892067

350 DarkShadow the Covered (level 6, -1/53 HPs)
             Began as a Minotaur Fighter on Mar 22, 2021.
             Slain by an ogre
             ... wielding a +0 giant spiked club
              (19 damage)
             ... on level 4 of the Dungeon.
             The game lasted 00:13:59 (3981 turns).

DarkShadow the Covered (Minotaur Fighter)           Turns: 3981, Time: 00:14:00

Health: -1/53      AC:  7    Str: 21    XL:     6   Next: 33%
Magic:  5/5        EV:  8    Int:  5    God:
Gold:   96         SH: 10    Dex: 11    Spells: 5/5 levels left

rFire    . . .     SeeInvis .   n - +2 spear (venom)
rCold    . . .     Faith    .   c - +0 kite shield
rNeg     . . .     Spirit   .   b - +0 scale mail
rPois    .         Reflect  .   (helmet restricted)
rElec    .         Harm     .   (no cloak)
rCorr    .         Rampage  .   (no gloves)
Will     .....                  (no boots)
Stlth    ..........             (no amulet)
HPRegen  0.17/turn              (no ring)
MPRegen  0.09/turn              (no ring)

@: no status effects
A: horns 2, retaliatory headbutt
a: no special abilities


You were on level 4 of the Dungeon.
You visited 1 branch of the dungeon, and saw 4 of its levels.

You collected 96 gold pieces.

Inventory:

Hand Weapons
 a - a +0 war axe
 k - a +1 vampiric hand axe
 n - a +2 spear of venom (weapon)
 p - a +4 flail
Armour
 b - a +0 scale mail (worn)
 c - a +0 kite shield (worn)
Wands
 g - a wand of flame (27)
 q - a wand of polymorph (9)
Scrolls
 e - 2 scrolls of teleportation
Potions
 d - a potion of might
 f - 2 potions of magic
 h - 2 potions of curing {unknown}
 i - a potion of flight {unknown}
 j - a potion of resistance {unknown}
 l - 2 potions of degeneration {unknown}
 m - a potion of mutation {unknown}
 o - a potion of attraction {unknown}
 r - a potion of heal wounds {unknown}


   Skills:
 + Level 4.4 Fighting
 + Level 3.2(4.1) Axes
 + Level 4.0(4.5) Polearms
 + Level 5.2 Armour
 + Level 1.7 Dodging
 + Level 0.1 Stealth
 + Level 5.0 Shields


You had 5 spell levels left.
You didn't know any spells.
Your spell library was empty.

Dungeon Overview and Level Annotations

Branches:
Dungeon (4/15)
 Temple: D:4-7

Altars:
Cheibriados

Shops:
D:2 [   D:3 :


Innate Abilities, Weirdness & Mutations

You have a pair of horns on your head.
You reflexively headbutt those who attack you in melee.


Message History

You close the gate.
You open the gate. You closely miss the iguana. You block the iguana's attack.
You hit the iguana but do no damage.
The iguana is poisoned.
The iguana closely misses you. You furiously retaliate!
You headbutt the iguana! You barely miss the iguana.
Your headbutt misses the iguana.
The iguana is heavily wounded.
The iguana bites you!
You hit the iguana but do no damage.
The iguana looks as sick as possible!
The iguana is heavily wounded.
You block the iguana's attack.
You barely miss the iguana.
The iguana is severely wounded.
The iguana bites you. You block the iguana's attack.
You hit the iguana.
You kill the iguana!
Your Polearms skill increases to level 4!
Your Shields skill increases to level 5!
You start resting.
An ogre comes into view. It is wielding a +0 giant spiked club.
The ogre shouts!
You can't go up here!
You close the gate.
An ogre opens the gate.
An ogre is nearby!
You closely miss the ogre. The ogre barely misses you.
You hit the ogre.
The ogre is poisoned.
Your headbutt misses the ogre.
The ogre is lightly wounded.
The ogre hits you with a +0 giant spiked club.
You hit the ogre.
The ogre is lightly wounded.
The ogre closely misses you. You furiously retaliate!
You headbutt the ogre. You puncture the ogre!
The ogre is heavily wounded.
The ogre hits you with a +0 giant spiked club!!
You hit the ogre.
The ogre looks as sick as possible!
The ogre is severely wounded.
The ogre hits you with a +0 giant spiked club!!
You die...

##.> ...## ##.....## .≈..#
.#..... #...# ##...##
≈.≈..##....... #..## #..##
...≈§.##......# #..## #..#
§.≈.§§.#.#.....###...#####..##
.§..§≈.#.# #..........#.†...##
≈.≈.§§.'.## #...........††...#
.§.≈...§..#####........†####.....
≈.≈.≈§§§.......O@......## ##...
.≈.O§≈§#................# ...
≈.≈.≈.§#................# .#
...≈..##.................# ##
§.≈.§##...........##.......
.≈..##............####...... §.§#
#............# ##..... ..#
#.....####...# #..


You could see an ogre (extremely poisoned).

Vanquished Creatures
  A hound (D:4)
  An orc priest (D:1)
  An iguana (D:4)
  Jessica (D:3)
  Ijyb (D:3)
  An orc wizard (D:1)
  A worker ant (D:4)
  Robin (D:3)
  3 adders (D:3)
  A worm (D:3)
  3 dart slugs
  A leopard gecko (D:2)
  7 orcs
  9 bats
  4 giant cockroaches
  18 goblins
  16 hobgoblins
  11 jackals
  A quokka (D:1)
  A frilled lizard (D:1)
  12 kobolds
  7 rats
102 creatures vanquished.

Vanquished Creatures (others)
  2 plants (D:2)
2 creatures vanquished.

Grand Total: 104 creatures vanquished

Notes
Turn   | Place    | Note
-------+----------+-------------------------------------------
     0 | D:1      | DarkShadow the Minotaur Fighter began the quest for the
                  | Orb.
     0 | D:1      | Reached XP level 1. HP: 19/19 MP: 0/0
    54 | D:1      | Reached XP level 2. HP: 11/27 MP: 1/1
   737 | D:1      | Reached XP level 3. HP: 33/33 MP: 2/2
  1270 | D:1      | Reached skill level 1 in Dodging
  1760 | D:1      | Reached XP level 4. HP: 34/40 MP: 3/3
  1878 | D:2      | Found Buwnac's Antique Armour Shoppe.
  1926 | D:2      | Reached skill level 1 in Polearms
  2553 | D:3      | Reached XP level 5. HP: 40/46 MP: 4/4
  2775 | D:3      | Found Qaisuvij's Book Shoppe.
  3286 | D:3      | Noticed Ijyb
  3290 | D:3      | Noticed Robin
  3296 | D:3      | Killed Ijyb
  3297 | D:3      | Reached skill level 5 in Armour
  3308 | D:3      | Found a snail-covered altar of Cheibriados.
  3309 | D:3      | Killed Robin
  3547 | D:3      | Noticed Jessica
  3566 | D:3      | Killed Jessica
  3852 | D:4      | Reached XP level 6. HP: 48/53 MP: 5/5
  3940 | D:4      | Reached skill level 5 in Shields
  3981 | D:4      | Slain by an ogre

Illustrated notes

Levels and vault maps discovered:
D:1:      lightli_arrival_statue_moat, layout_basic, hangedman_glass_teeth,
          minmay_statues_item, minmay_fountain_box, minmay_pentomino_o4
D:2:      layout_basic, serial_shops, nicolae_shop_overgrown_old_shop
D:3:      layout_basic, nicolae_overflow_crystal_walls, serial_co_window_serial,
          co_window_cross_1, co_window_paths_a, co_window_paths_a,
          co_window_paths_a, co_window_of_opportunity_a,
          co_window_unsneaky_path_e, co_window_corner_b, co_window_corner_ca,
          co_window_unsneaky_path_a, glass_columns_b, glass_columns_b,
          glass_columns_a, glass_columns_a, glass_columns_a, serial_shops, shop,
          uniq_jessica, uniq_ijyb, uniq_robin
D:4:      layout_layer_cave, kennysheep_cluttered_room

Skill      XL: |  1  2  3  4  5  6 |
---------------+-------------------+-----
Armour         | 4 5 |  5.2
Shields        | 4 5 |  5.0
Dodging        | 1 |  1.7
Fighting       | 4 |  4.4
Axes           | 3 |  3.2
Polearms       | 1 3 4 |  4.0
Stealth        | |  0.1

Action                   |  1- 3 |  4- 6 || total
-------------------------+-------+-------++-------
Melee: War axe           |    53 |       ||    53
       Headbutt          |     9 |    26 ||    35
       Hand axe          |     7 |       ||     7
       Spear             |    11 |   151 ||   162
  Use: Scroll            |     4 |     6 ||    10
Armor: Scale mail        |    59 |    51 ||   110
Dodge: Dodged            |    30 |    53 ||    83
Block: Kite shield       |    61 |    85 ||   146

Table legend: (Time is in decaauts)
 A = Elapsed time spent in this place.
 B = Non-inter-level travel time spent in this place.
 C = Inter-level travel time spent in this place.
 D = Time resting spent in this place.
 E = Time spent auto-exploring this place.
 F = Levels seen in this place.
 G = Mean time per level.
                   A        B        C        D        E       F      G
               +--------+--------+--------+--------+--------+-----+--------+
         Total |   4046 |   4033 |     13 |   1540 |   1391 |   4 | 1011.5 |
       Dungeon |   4046 |   4033 |     13 |   1540 |   1391 |   4 | 1011.5 |
               +--------+--------+--------+--------+--------+-----+--------+

Top non-repeatable levels by time:
     D:1: 1826 daAuts
     D:3: 1315 daAuts
     D:2: 741 daAuts
     D:4: 163 daAuts
